 Dungeon Crawl Stone Soup version 0.21.1-1-g345015fe64 (webtiles) character file.

31729 3rdEnemy the Peltast (level 13, -9/119 HPs)
             Began as a Minotaur Fighter on July 11, 2018.
             Was an Elder of Wu Jian.
             Mangled by a spiny frog (16 damage)
             ... on level 6 of the Lair of Beasts.
             The game lasted 02:20:45 (15117 turns).

3rdEnemy the Peltast (Minotaur Fighter)            Turns: 15117, Time: 02:20:46

Health: -9/119     AC: 23    Str: 26    XL:     13   Next: 27%
Magic:  12/12      EV: 13    Int:  5    God:    Wu Jian [****..]
Gold:   493        SH:  0    Dex: 13    Spells: 12/12 levels left

rFire    + . .     SeeInvis +   A - +2 dagger (drain)
rCold    . . .     Gourm    .   (no shield)
rNeg     + . .     Faith    .   D - +3 chain mail
rPois    .         Spirit   .   (helmet restricted)
rElec    .         Reflect  .   s - +2 cloak
rCorr    .         Harm     .   r - +2 pair of gloves {Dex+3}
MR       .....                  (no boots)
Stlth    ..........             (no amulet)
HPRegen  0.29/turn              z - +1 ring of slaying
MPRegen  0.13/turn              u - ring of positive energy

@: exhausted
A: retaliatory headbutt, horns 2, talons 1, see invisible, fire resistance 1
a: Wall Jump, Serpent's Lash, Renounce Religion


You were on level 6 of the Lair of Beasts.
You worshipped Wu Jian.
Wu Jian was greatly pleased with you.
You were not hungry.

You visited 3 branches of the dungeon, and saw 17 of its levels.

You collected 680 gold pieces.
You spent 187 gold pieces at shops.

Inventory:

Hand Weapons
 k - a +2 dagger of electrocution
 A - a +2 dagger of draining (weapon)
 F - a +0 long sword of freezing
Armour
 c - a +0 shield
 r - a +2 pair of gloves of dexterity (worn)
 s - a +2 cloak (worn)
 C - a +1 chain mail of positive energy
 D - a +3 chain mail (worn)
Jewellery
 p - an uncursed amulet of magic regeneration
 t - an uncursed ring of ice
 u - a ring of positive energy (right hand)
 v - an uncursed amulet of harm
 z - a +1 ring of slaying (left hand)
Wands
 h - a wand of iceblast (7)
 q - a wand of scattershot (5)
 y - a wand of disintegration (5)
 G - a wand of acid (10)
 I - a wand of enslavement (10)
Scrolls
 a - 4 scrolls of remove curse
 b - 3 scrolls of holy word
 e - 10 scrolls of identify
 g - a scroll of immolation
 m - 3 scrolls of amnesia
 n - a scroll of enchant armour
 o - 10 scrolls of teleportation
 E - a scroll of fear
Potions
 d - 2 potions of might
 i - 3 potions of curing
 j - 2 potions of berserk rage
 B - a potion of invisibility
Books
 x - the Catalogue of the Ashen Volcanoes
   (You found it on level 5 of the Lair of Beasts)

   Spells                             Type                      Level
   a - Conjure Flame                  Conjuration/Fire             3
   b - Ignite Poison                  Fire/Transmutation/Poison    3
   c - Iron Shot                      Conjuration/Earth            6
   d - Ignition                       Fire                         8
Comestibles
 f - 33 rations


   Skills:
 + Level 12.5 Fighting
 - Level 10.0 Long Blades
 + Level 14.3 Armour
 + Level 7.4 Dodging
 - Level 15.0 Shields


You had 12 spell levels left.
You didn't know any spells.

Dungeon Overview and Level Annotations

Branches:
Dungeon (10/15)            Temple (1/1) D:6            Lair (6/6) D:8
  Swamp (0/4) Lair:3        Snake (0/4) Lair:2        Slime (0/5) Lair:6
    Orc (0/2) D:9

Altars:
Ashenzari
Cheibriados
Dithmenos
Elyvilon
Fedhas
Gozag
Hepliaklqana
Kikubaaqudgha
Makhleb
Nemelex Xobeh
Okawaru
Qazlal
Ru
Sif Muna
Trog
Uskayaw
Vehumet
Wu Jian
Xom
Yredelemnul
Zin
The Shining One
Jiyva

Shops:
D:7 [=[


Innate Abilities, Weirdness & Mutations

You reflexively headbutt those who attack you in melee.
You have a pair of horns on your head.
You have sharp toenails.
You have supernaturally acute eyesight. (SInv)
Your flesh is heat resistant. (rF+)


Message History

The spiny frog is heavily wounded.
Your supernatural speed expires.
You hit the spiny frog.
You claw the spiny frog, but do no damage.
The spiny frog is heavily wounded.
The spiny frog stings you but does no damage.
The spiny frog stings you!
* * * LOW HITPOINT WARNING * * *
You hit the spiny frog but do no damage.
You claw the spiny frog, but do no damage.
The spiny frog is heavily wounded.
You puncture the spiny frog! You claw the spiny frog.
The spiny frog is almost dead.
The spiny frog closely misses you. You furiously retaliate!
You headbutt the spiny frog. The spiny frog misses you.
You hit the spiny frog.
You kill the spiny frog!
The Council accepts your kill. The spiny frog stings you!
You die...

#.##.# ##.#
##....####P.##
..............##
.....##..P#.#..#
.....###....#..##
#.....#.#....##...#
#P............#...##
..............##..##
........#.....#P@..#
.#P....P..÷.#.##†F##
#........##F###....#
##........#..#...#.##
#......÷...%.....P..#
...................##
.................###
.................P##
..................P#


You could see a spiny frog.

Vanquished Creatures
  Rupert (Lair:5)
  Nessos (Lair:6)
  Fannar (Lair:1)
  A hydra (Lair:3)
  2 two-headed ogres
  3 oklob plants (Lair:4)
  A black mamba (Lair:4)
  4 elephants (Lair:6)
  11 spiny frogs
  7 komodo dragons
  2 rime drakes
  6 polar bears
  9 blink frogs
  7 hippogriffs
  A spriggan (D:7)
  Sigmund (D:3)
  34 yaks
  2 vampire mosquitoes (Lair:6)
  A steam dragon (D:8)
  15 water moccasins
  A swamp drake (D:9)
  7 porcupines
  3 ice beasts
  2 phantoms
  4 orc warriors
  A sky beast (D:8)
  3 black bears (Lair:2)
  2 ogres
  3 centaurs
  The ghost of SlightEye the Stinger, an amateur OpVM (D:3)
  7 crocodiles
  3 big kobolds
  13 bullfrogs
  A water moccasin zombie (D:6)
  2 scorpions
  10 killer bees
  6 howler monkeys
  An electric eel (Lair:2)
  8 crimson imps
  A gnoll shaman (D:4)
  2 bullfrog zombies (D:5)
  A hound (D:8)
  7 orc wizards
  3 bullfrog skeletons (D:4)
  6 orc priests
  An iguana (D:4)
  Natasha (thrice) (D:2)
  10 worker ants
  A hound zombie (D:6)
  A hound skeleton (D:8)
  A howler monkey skeleton (D:7)
  14 gnolls
  13 adders
  A shadow imp (D:6)
  An ooze (D:2)
  An adder zombie (D:5)
  2 adder skeletons
  A worm (D:3)
  A dart slug (D:2)
  5 leopard geckos
  23 orcs
  3 giant cockroaches
  17 goblins
  9 hobgoblins
  10 jackals
  26 kobolds
  3 quokkas
  3 ball pythons
  6 bats
  6 frilled lizards
  A jackal skeleton (D:4)
  A leopard gecko zombie (D:7)
  6 rats
  A spectral orc (D:3)
  2 plants (Lair:2)
381 creatures vanquished.

Vanquished Creatures (others)
  16 fungi (Lair:6)
  41 plants
57 creatures vanquished.

Grand Total: 438 creatures vanquished

Notes
Turn   | Place    | Note
-------+----------+-------------------------------------------
     0 | D:1      | 3rdEnemy the Minotaur Fighter began the quest for the Orb.
     0 | D:1      | Reached XP level 1. HP: 19/19 MP: 0/0
   141 | D:1      | Reached XP level 2. HP: 27/27 MP: 1/1
   713 | D:1      | Reached skill level 1 in Dodging
   922 | D:2      | Reached skill level 4 in Shields
   922 | D:2      | Reached XP level 3. HP: 28/33 MP: 2/2
  1014 | D:2      | Noticed Natasha
  1027 | D:2      | Killed Natasha
  1049 | D:2      | Reached XP level 4. HP: 22/40 MP: 3/3
  1263 | D:2      | Noticed Natasha
  1272 | D:2      | Killed Natasha
  1587 | D:2      | Noticed Natasha
  1595 | D:2      | Killed Natasha
  1595 | D:2      | Reached XP level 5. HP: 38/47 MP: 4/4
  1674 | D:3      | Noticed SlightEye's ghost (amateur OpVM)
  1686 | D:3      | Killed SlightEye's ghost
  1686 | D:3      | Reached skill level 5 in Fighting
  1686 | D:3      | Reached skill level 5 in Armour
  1686 | D:3      | Reached skill level 5 in Shields
  1780 | D:3      | Reached XP level 6. HP: 29/56 MP: 5/5
  1888 | D:3      | Found a glowing silver altar of Zin.
  1889 | D:3      | Found a stormy altar of Qazlal.
  1994 | D:3      | Found a basalt altar of Yredelemnul.
  2366 | D:3      | Noticed Sigmund
  2385 | D:3      | Killed Sigmund
  2385 | D:3      | Reached skill level 6 in Shields
  2786 | D:4      | Reached XP level 7. HP: 61/61 MP: 6/6
  3021 | D:4      | Reached skill level 7 in Shields
  3725 | D:5      | Entered Level 5 of the Dungeon
  3770 | D:5      | Reached XP level 8. HP: 43/68 MP: 7/7
  3807 | D:5      | Reached skill level 8 in Shields
  4327 | D:5      | Reached skill level 9 in Shields
  4930 | D:6      | Gained mutation: You have sharp toenails. [potion of mutation]
  4930 | D:6      | Gained mutation: You have supernaturally acute eyesight. (SInv) [potion of mutation]
  4930 | D:6      | Gained mutation: Your flesh is heat resistant. (rF+) [potion of mutation]
  5068 | D:6      | Reached skill level 10 in Armour
  5068 | D:6      | Reached XP level 9. HP: 63/74 MP: 8/8
  5119 | D:6      | Found an iron altar of Okawaru.
  5120 | D:6      | Found a radiant altar of Vehumet.
  5125 | D:6      | Reached skill level 10 in Shields
  5543 | D:6      | Found a staircase to the Ecumenical Temple.
  5560 | Temple   | Entered the Ecumenical Temple
  5764 | Temple   | Became a worshipper of the Wu Jian Council
  6388 | D:7      | Found Bonis's Food Boutique.
  6480 | D:7      | Reached skill level 11 in Shields
  6492 | D:7      | Noticed a two-headed ogre
  6498 | D:7      | Killed a two-headed ogre
  6498 | D:7      | Reached skill level 5 in Long Blades
  6559 | D:7      | Found Tuuppu's Antique Armour Boutique.
  6603 | D:7      | Bought a pair of embroidered gloves for 187 gold pieces
  6627 | D:7      | Reached skill level 12 in Shields
  6703 | D:7      | Reached * piety under Wu Jian
  7024 | D:7      | Reached XP level 10. HP: 52/81 MP: 9/9
  7044 | D:7      | Found Kovies's Jewellery Boutique.
  7317 | D:7      | Found Ufocen's Armour Shoppe.
  7535 | D:8      | Reached skill level 13 in Shields
  7540 | D:8      | Found a staircase to the Lair.
  7837 | D:8      | Found a sparkling altar of Nemelex Xobeh.
  8144 | D:9      | Noticed a two-headed ogre
  8156 | D:9      | Killed a two-headed ogre
  8314 | D:9      | Reached ** piety under Wu Jian
  8387 | D:9      | Reached skill level 14 in Shields
  8471 | D:9      | Found a staircase to the Orcish Mines.
  8638 | D:9      | Reached *** piety under Wu Jian
  8814 | D:10     | Entered Level 10 of the Dungeon
  8863 | Lair:1   | Entered Level 1 of the Lair of Beasts
  8898 | Lair:1   | Reached XP level 11. HP: 58/86 MP: 10/10
  9059 | Lair:1   | Reached skill level 15 in Shields
  9344 | Lair:1   | Noticed Fannar
  9378 | Lair:1   | Killed Fannar
  9490 | Lair:1   | Reached skill level 5 in Dodging
  9944 | Lair:2   | Reached skill level 10 in Long Blades
  9948 | Lair:2   | Found a staircase to the Snake Pit.
 10074 | Lair:2   | Reached **** piety under Wu Jian
 10901 | Lair:3   | Identified the Handbook of Cankerous Enhancements
 10930 | Lair:3   | Noticed a seven-headed hydra
 10937 | Lair:3   | Killed a seven-headed hydra
 10937 | Lair:3   | Reached XP level 12. HP: 97/103 MP: 11/11
 11115 | Lair:3   | Found a staircase to the Swamp.
 12201 | Lair:4   | Reached skill level 10 in Fighting
 12938 | Lair:5   | Identified a scroll of acquirement
 13054 | Lair:5   | Identified the Catalogue of the Ashen Volcanoes
 13163 | Lair:5   | Noticed Rupert
 13168 | Lair:5   | Paralysed by Rupert for 5 turns
 13530 | Lair:5   | Paralysed by Rupert for 5 turns
 13944 | Lair:5   | Killed Rupert
 14290 | Lair:6   | Entered Level 6 of the Lair of Beasts
 14365 | Lair:6   | Found a viscous altar of Jiyva.
 14365 | Lair:6   | Found a staircase to the Slime Pits.
 14390 | Lair:6   | Noticed Nessos
 14459 | Lair:6   | Reached XP level 13. HP: 69/117 MP: 12/12
 14566 | Lair:6   | Killed Nessos
 15117 | Lair:6   | Mangled by a spiny frog

Skill      XL: |  1  2  3  4  5  6  7  8  9 10 11 12 13 |
---------------+----------------------------------------+-----
Dodging        | 1 2 3 5 6 7 |  7.4
Fighting       | 4 5 8 11 12 | 12.5
Armour         | 4 5 6 7 10 11 13 14 | 14.3
Shields        | 4 5 6 7 9 12 14 15 | 15.0
Long Blades    | 3 6 8 10 | 10.0

Action                   |  1- 3 |  4- 6 |  7- 9 | 10-12 | 13-15 || total
-------------------------+-------+-------+-------+-------+-------++-------
Melee: Long sword        |    73 |   113 |       |       |       ||   186
       Headbutt          |     6 |    33 |    85 |   215 |    36 ||   375
       Short sword       |       |    65 |   227 |       |       ||   292
       Falchion          |       |       |   148 |       |       ||   148
       Kick              |       |       |    55 |   345 |    57 ||   457
       Dagger            |       |       |    80 |   838 |   138 ||  1056
Invok: Lunge             |       |       |     6 |    53 |     9 ||    68
       Whirlwind         |       |       |       |    59 |    12 ||    71
       Wall Jump         |       |       |       |    37 |     6 ||    43
       Serpent's Lash    |       |       |       |     3 |     5 ||     8
Evoke: Wand              |       |       |       |    23 |       ||    23
  Use: Scroll            |     3 |       |     7 |     9 |       ||    19
       Potion            |       |       |    10 |     2 |     1 ||    13
  Eat: Chunk             |       |     4 |     6 |    12 |     2 ||    24
       Ration            |       |     1 |     2 |     4 |       ||     7
Armor: Scale mail        |    23 |       |       |       |       ||    23
       Plate armour      |    14 |    86 |    91 |    45 |       ||   236
       Ring mail         |       |       |    94 |       |       ||    94
       Chain mail        |       |       |       |   187 |    39 ||   226
Dodge: Dodged            |    21 |    37 |   146 |   164 |    51 ||   419
Block: Shield            |    28 |    88 |   287 |   387 |    31 ||   821
       Rpst.: Long sword |     5 |     7 |       |       |       ||    12
       Falchion          |       |       |    20 |       |       ||    20
